Match 37555914
Unlisted

Match 37555914
End
Kettenkrad Recon Vehicle
Construct Infanterie Kompanie
Selects Luftwaffe Battlegroup
Selects Luftwaffe Pioneer Support
MG 42 Machine Gun Team
Fallschirmpioneer Squad Paradrop
Grenadier Squad
Grenadier Squad
Fallschirmpioneer Squad Paradrop
He@dShOoT
DanielTheBeast
Microsoft Outlook
deadsadbadmad
0
0

Comments sign in to comment!

No comments posted yet!